 Dungeon Crawl Stone Soup version 0.29.1 (webtiles) character file.

Game seed: 11642484599122487550

2520 qw the Cleaver (level 9, 0/71 (79) HPs)
             Began as a Minotaur Berserker on Sept 13, 2022.
             Was a Priest of Trog.
             Slain by an orc wizard
             ... wielding a +2 halberd of flaming
              (1 damage)
             ... on level 7 of the Dungeon.
             The game lasted 00:01:54 (7406 turns).

qw the Cleaver (Minotaur Berserker)                 Turns: 7406, Time: 00:01:55

HP:   0/71 (79)     AC: 17    Str: 25    XL:     9   Next: 29%
MP:   8/8           EV:  7    Int:  4    God:    Trog [***...]
Gold: 292           SH:  4    Dex: 11    Spells: 8/8 levels left

rFire   . . .      SeeInvis .   Y - +3 war axe
rCold   . . .      Faith    .   a - +0 buckler
rNeg    + . .      Spirit   .   h - +0 plate armour
rPois   .          Reflect  .   (helmet restricted)
rElec   .          Harm     .   (no cloak)
rCorr   .          Rampage  .   (no gloves)
Will    .....                   p - +2 pair of boots
Stlth   ..........              (no amulet)
HPRegen 0.21/turn               n - ring of positive energy
MPRegen 0.11/turn               (no ring)

@: lethally poisoned (0 -> -29), on berserk cooldown, slowed, heavily drained,
very slow
A: horns 2, retaliatory headbutt, iridescent scales 1
a: Renounce Religion, Berserk, Trog's Hand


You were on level 7 of the Dungeon.
You worshipped Trog.
Trog was most pleased with you.
You visited 1 branch of the dungeon, and saw 7 of its levels.

You collected 292 gold pieces.


Innate Abilities, Weirdness & Mutations

You have a pair of horns on your head.
You reflexively headbutt those who attack you in melee.
You are partially covered in iridescent scales. (AC +2)


   Skills:
 - Level 7.0 Fighting
 - Level 12.0 Axes
 - Level 2.2 Throwing
 + Level 5.6 Armour
 - Level 2.1 Dodging
 - Level 4.3 Shields


You had 8 spell levels left.
You didn't know any spells.
Your spell library was empty.

Inventory:

Hand Weapons
 k - a +0 flail
 Y - a +3 war axe (weapon)
Missiles
 b - 6 boomerangs
 c - a javelin (quivered)
Armour
 a - a +0 buckler (worn)
 h - a +0 plate armour (worn)
 p - a +2 pair of boots (worn)
Jewellery
 n - a ring of positive energy (left hand)
 o - a ring of fire
Scrolls
 f - a scroll of teleportation {unknown}
 g - a scroll of enchant weapon {unknown}
 q - 2 scrolls of identify
Potions
 e - a potion of brilliance {unknown}
 i - a potion of might {unknown}
 j - 2 potions of curing
 l - 2 potions of cancellation {unknown}
 m - 2 potions of mutation

Dungeon Overview and Level Annotations

Branches:
Dungeon (7/15)             Temple (0/1) D:4

Altars:
Gozag
Makhleb
Ru
Vehumet

Shops:
D:5 [

Annotations:
D:4 1 runed translucent door, qw's ghost, novice GrFi


Message History

The wight hits you from afar with a +0 halberd.
The orc wizard hits you but does no damage.
You are lethally poisoned!
The orc hits you but does no damage. The wight barely misses you. x2
Something hits you. Something burns you.
The wight hits you with a +3 long sword.
You partially resist.
You feel drained.
7404 ||| DRINKING 2 potions of heal wounds.
You feel much better.
You feel extremely sick. The orc hits you but does no damage.
Something hits you but does no damage.
The wight hits you with a +3 long sword.
You partially resist.
You feel drained. The wight hits you but does no damage.
The wight hits you from afar with a +0 halberd.
The orc wizard hits you but does no damage.
You are more poisoned.
7405 ||| DRINKING potion of heal wounds.
You feel much better.
You feel extremely sick. The orc hits you but does no damage.
You hear some strange, mumbled words.
A puff of flame appears from out of thin air!
The puff of flame misses you.
The orc wizard hits you but does no damage.
You are lethally poisoned!
The wight hits you with a +3 long sword.
You block the wight's attack. The wight hits you but does no damage.
The orc wizard hits you with a +1 dagger of venom.
You are more poisoned.
The orc hits you but does no damage. You block the wight's attack.
The wight hits you from afar with a +0 halberd.
Something hits you but does no damage.
The wight hits you with a +3 long sword.
You closely miss the orc wizard. Your headbutt misses the orc wizard.
The orc wizard is severely wounded.
You slash the wight! You barely miss the orc. You slash the wight!
You hear the loud creaking of a very distant portcullis.
You feel extremely sick. The orc hits you but does no damage.
Something hits you. Something burns you.
You die...

.^............. #.....
............... #.....
...........>. #.....
............ ##....
......#...# #####
....^.#...###########....
......{......)...........
^.......zzz..............
........@.........?##....
...^...oo..........######
.....####.######+####....
...## #.# ##.... ... ...
#..... #. ..... #.....
.... +..... .... #.....
##....


You could see 3 wights, an orc wizard (summoned) and an orc (summoned).

Vanquished Creatures
  Joseph (D:7)
  2 water moccasins (D:6)
  2 orc warriors
  A sky beast (D:7)
  2 ice beasts
  3 black bears
  An ogre (D:5)
  A centaur (D:7)
  2 necrophages
  4 wights (D:7)
  2 howler monkeys (D:7)
  7 hounds
  3 jellies
  3 orc priests
  4 iguanas
  2 orc wizards
  3 adders
  3 shadow imps
  A white imp (D:6)
  An ufetubus (D:4)
  4 worms (D:2)
  3 dart slugs
  16 orcs
  6 endoplasms
  5 giant cockroaches
  2 goblins (D:1)
  5 hobgoblins
  7 jackals (D:1)
  2 quokkas (D:1)
  10 ball pythons
  5 bats
  6 frilled lizards
  7 kobolds
  4 rats
130 creatures vanquished.

Vanquished Creatures (others)
  4 demonic plants (D:1)
  2 withered plants (D:1)
6 creatures vanquished.

Grand Total: 136 creatures vanquished

Notes
Turn   | Place    | Note
-------+----------+-------------------------------------------
     0 | D:1      | qw the Minotaur Berserker began the quest for the Orb.
     0 | D:1      | Reached XP level 1. HP: 19/19 MP: 0/0
     0 | D:1      | 0 ||| qw: Version: 0.1-a-119-g272c26d
     0 | D:1      | 0 ||| qw: Game counter: 11095
     0 | D:1      | 0 ||| qw: Always use a shield: true
     0 | D:1      | 0 ||| qw: Do Orc after D:15 true
     0 | D:1      | 0 ||| qw: Do second Lair branch before Depths: true
     0 | D:1      | 0 ||| qw: Lair rune preference: random
     0 | D:1      | 0 ||| qw: Plans: Normal
     0 | D:1      | 0 ||| PLANNING D:1-11
   266 | D:1      | Reached skill level 4 in Axes
   424 | D:1      | Reached XP level 2. HP: 23/26 MP: 1/1
   691 | D:1      | 691 ||| Stepping ~*~*~tactically~*~*~ (stealth).
   693 | D:1      | 693 ||| Stepping ~*~*~tactically~*~*~ (stealth).
   696 | D:1      | 696 ||| Stepping ~*~*~tactically~*~*~ (stealth).
   698 | D:1      | 698 ||| Stepping ~*~*~tactically~*~*~ (stealth).
   699 | D:1      | 699 ||| Stepping ~*~*~tactically~*~*~ (stealth).
   713 | D:1      | Reached ** piety under Trog
   714 | D:1      | Reached skill level 5 in Axes
   714 | D:1      | 714 ||| INVOKING Berserk.
   949 | D:1      | Found a faded altar of an unknown god.
   951 | D:1      | 951 ||| DROPPING +0 club.
   973 | D:1      | Reached XP level 3. HP: 29/31 MP: 2/2
  1188 | D:1      | 1188 ||| Stepping ~*~*~tactically~*~*~ (stealth).
  1282 | D:1      | 1282 ||| DROPPING amulet of faith.
  1283 | D:1      | 1283 ||| READING scroll labelled WUGRYD KODORAI.
  1284 | D:1      | 1284 ||| READING scroll labelled USOTYLOAGG.
  1285 | D:1      | 1285 ||| READING 2 scrolls labelled AQENWU ORUTT.
  1286 | D:1      | 1286 ||| READING 2 scrolls labelled VIMAEV HESOUNI.
  1287 | D:1      | 1287 ||| READING scroll labelled POTIUS JYIGG.
  1288 | D:1      | 1288 ||| DROPPING scroll of fog.
  1330 | D:2      | 1330 ||| INVOKING Berserk.
  1334 | D:2      | 1334 ||| STAIRDANCE
  1433 | D:2      | 1433 ||| Stepping ~*~*~tactically~*~*~ (stealth).
  1466 | D:2      | Found a sacrificial altar of Ru.
  1470 | D:2      | 1470 ||| Stepping ~*~*~tactically~*~*~ (hiding).
  1572 | D:2      | 1572 ||| Stepping ~*~*~tactically~*~*~ (hiding).
  1573 | D:2      | 1573 ||| Stepping ~*~*~tactically~*~*~ (hiding).
  1574 | D:2      | 1574 ||| Stepping ~*~*~tactically~*~*~ (hiding).
  1576 | D:2      | 1576 ||| Stepping ~*~*~tactically~*~*~ (hiding).
  1914 | D:2      | 1914 ||| INVOKING Berserk.
  2092 | D:2      | Reached skill level 1 in Throwing
  2105 | D:2      | 2105 ||| INVOKING Berserk.
  2108 | D:2      | Reached XP level 4. HP: 39/39 MP: 3/3
  2406 | D:2      | Noticed a necrophage
  2414 | D:2      | Killed a necrophage
  2415 | D:2      | Reached skill level 6 in Axes
  2623 | D:2      | 2623 ||| Stepping ~*~*~tactically~*~*~ (stealth).
  2792 | D:2      | 2792 ||| UPGRADING to +0 leather armour.
  2802 | D:2      | 2802 ||| DROPPING +0 animal skin.
  2803 | D:2      | 2803 ||| UPGRADING to +0 chain mail.
  2813 | D:2      | 2813 ||| DROPPING +0 leather armour.
  2814 | D:2      | 2814 ||| DRINKING 2 orange potions.
  2814 | D:2      | Gained mutation: You are partially covered in iridescent
                  | scales. (AC +2) [potion of mutation]
  2880 | D:3      | Reached XP level 5. HP: 45/45 MP: 4/4
  2916 | D:3      | 2916 ||| SWAPPING to +3 war axe.
  2917 | D:3      | 2917 ||| DROPPING +0 hand axe.
  2964 | D:3      | Reached skill level 7 in Axes
  2970 | D:3      | You fall into a shaft and drop 1 floor!
  2976 | D:4      | Found a staircase to the Ecumenical Temple.
  3005 | D:4      | 3005 ||| DROPPING amulet of magic regeneration.
  3006 | D:4      | 3006 ||| READING scroll labelled DONANL TUSATOUDOOT.
  3008 | D:4      | 3008 ||| DRINKING 2 red potions.
  3340 | D:3      | 3340 ||| DRINKING 2 lumpy grey potions.
  3341 | D:3      | 3341 ||| DROPPING potion of attraction.
  3373 | D:4      | 3373 ||| DRINKING 2 brown potions.
  3374 | D:4      | 3374 ||| Stepping randomly (stuck).
  3395 | D:4      | Noticed a black bear
  3409 | D:4      | 3409 ||| INVOKING Berserk.
  3413 | D:4      | Killed a black bear
  3414 | D:4      | Reached skill level 8 in Axes
  3414 | D:4      | Reached XP level 6. HP: 52/52 MP: 5/5
  3509 | D:4      | 3509 ||| FLEEEEING.
  3510 | D:4      | 3510 ||| FLEEEEING.
  3511 | D:4      | 3511 ||| FLEEEEING.
  3512 | D:4      | 3512 ||| FLEEEEING.
  3513 | D:4      | 3513 ||| FLEEEEING.
  3514 | D:4      | 3514 ||| FLEEEEING.
  3515 | D:4      | 3515 ||| FLEEEEING.
  3517 | D:4      | 3517 ||| STAIRDANCE
  3611 | D:3      | 3611 ||| UPGRADING to +0 buckler.
  3682 | D:4      | Noticed an orc warrior
  3683 | D:4      | 3683 ||| Stepping ~*~*~tactically~*~*~ (hiding).
  3688 | D:4      | 3688 ||| INVOKING Berserk.
  3692 | D:4      | Killed an orc warrior
  3808 | D:4      | 3808 ||| DROPPING +0 mace.
  3845 | D:4      | 3845 ||| Stepping ~*~*~tactically~*~*~ (stealth).
  3846 | D:4      | 3846 ||| Stepping ~*~*~tactically~*~*~ (stealth).
  3848 | D:4      | 3848 ||| Stepping ~*~*~tactically~*~*~ (hiding).
  3852 | D:4      | 3852 ||| INVOKING Berserk.
  3863 | D:4      | 3863 ||| Stepping ~*~*~tactically~*~*~ (stealth).
  3969 | D:4      | 3969 ||| Stepping ~*~*~tactically~*~*~ (stealth).
  4033 | D:4      | Found a radiant altar of Vehumet.
  4042 | D:4      | Reached *** piety under Trog
  4043 | D:4      | Reached XP level 7. HP: 38/59 MP: 6/6
  4164 | D:4      | 4164 ||| INVOKING Berserk.
  4166 | D:4      | Reached skill level 9 in Axes
  4291 | D:4      | Found a runed translucent door.
  4529 | D:4      | Noticed qw's ghost (novice GrFi)
  4531 | D:4      | 4531 ||| UPGRADING to ring of positive energy.
  4532 | D:4      | 4532 ||| READING 2 scrolls labelled VOGIBROEGUKK.
  4533 | D:4      | 4533 ||| DROPPING scroll of poison.
  4534 | D:4      | 4534 ||| Stepping randomly (stuck).
  4535 | D:4      | 4535 ||| Stepping ~*~*~tactically~*~*~ (cloud).
  4695 | D:5      | Entered Level 5 of the Dungeon
  4701 | D:5      | Reached skill level 3 in Shields
  4767 | D:5      | 4767 ||| INVOKING Berserk.
  4913 | D:5      | Found Tocriq's Antique Armour Shop.
  4932 | D:5      | 4932 ||| SHOPLISTING crystal plate armour (2560 gold, have
                  | 221).
  4932 | D:5      | 4932 ||| SHOPLISTING shiny chain mail (240 gold, have 221).
  5036 | D:5      | Reached skill level 3 in Armour
  5039 | D:5      | Found Sitsires's Vocational Training.
  5074 | D:5      | 5074 ||| INVOKING Berserk.
  5494 | D:5      | 5494 ||| UPGRADING to +0 pair of boots.
  5499 | D:5      | 5499 ||| READING scroll of enchant armour.
  5499 | D:5      | 5499 ||| ENCHANTING +0 pair of boots.
  5500 | D:5      | 5500 ||| DRINKING 2 viscous black potions.
  5501 | D:5      | 5501 ||| READING 2 scrolls of identify.
  5501 | D:5      | 5501 ||| IDENTIFYING inky potion
  5502 | D:5      | 5502 ||| DROPPING potion of lignification.
  5503 | D:5      | 5503 ||| DROPPING potion of degeneration.
  5526 | D:6      | 5526 ||| Stepping ~*~*~tactically~*~*~ (hiding).
  5531 | D:6      | Reached XP level 8. HP: 62/68 MP: 7/7
  5575 | D:6      | Reached skill level 10 in Axes
  5576 | D:6      | 5576 ||| INVOKING Berserk.
  5851 | D:6      | Identified the +8 short sword "Rainekhlo" {holy, rF+}
  5859 | D:6      | 5859 ||| Stepping ~*~*~tactically~*~*~ (stealth).
  5861 | D:6      | 5861 ||| Stepping ~*~*~tactically~*~*~ (hiding).
  5871 | D:6      | Reached skill level 6 in Fighting
  6027 | D:6      | Found an opulent altar of Gozag.
  6165 | D:6      | 6165 ||| INVOKING Berserk.
  6424 | D:6      | Reached skill level 11 in Axes
  6624 | D:6      | 6624 ||| UPGRADING to +0 plate armour.
  6634 | D:6      | 6634 ||| DROPPING +0 chain mail.
  6635 | D:6      | 6635 ||| READING scroll labelled CAEXAB NAL.
  6696 | D:7      | 6696 ||| Stepping ~*~*~tactically~*~*~ (stealth).
  6708 | D:7      | Found a burning altar of Makhleb.
  6720 | D:7      | 6720 ||| Stepping ~*~*~tactically~*~*~ (stealth).
  6728 | D:7      | 6728 ||| Stepping ~*~*~tactically~*~*~ (stealth).
  6794 | D:7      | Noticed Joseph
  6795 | D:7      | 6795 ||| Stepping ~*~*~tactically~*~*~ (stealth).
  6812 | D:7      | Killed Joseph
  6813 | D:7      | Reached XP level 9. HP: 55/75 MP: 8/8
  6976 | D:7      | 6976 ||| INVOKING Berserk.
  6980 | D:7      | Reached skill level 12 in Axes
  7128 | D:7      | 7128 ||| READING scroll of enchant armour.
  7128 | D:7      | 7128 ||| ENCHANTING +1 pair of boots.
  7153 | D:7      | 7153 ||| INVOKING Berserk.
  7385 | D:7      | 7385 ||| Stepping ~*~*~tactically~*~*~ (hiding).
  7386 | D:7      | 7386 ||| Stepping ~*~*~tactically~*~*~ (hiding).
  7387 | D:7      | 7387 ||| Stepping ~*~*~tactically~*~*~ (hiding).
  7388 | D:7      | 7388 ||| Stepping ~*~*~tactically~*~*~ (hiding).
  7390 | D:7      | 7390 ||| INVOKING Berserk.
  7403 | D:7      | HP: 16/74 [something (3)]
  7404 | D:7      | 7404 ||| DRINKING 2 potions of heal wounds.
  7405 | D:7      | 7405 ||| DRINKING potion of heal wounds.
  7406 | D:7      | HP: 2/71 [poisoned by an orc wizard]
  7406 | D:7      | Slain by an orc wizard

Levels and vault maps discovered:
D:1:      dpeg_cavernosity, layout_basic, shapermc_ecumenical_altar_gd,
          ebering_dispersal_statue_hall, st_stairs_8, minivault_14,
          minmay_strange_pillars, minmay_misc_feat_columns, nrook_campfire,
          minmay_fountain_box
D:2:      layout_basic, basic_altar, minmay_tetromino_l2
D:3:      layout_rooms
D:4:      layout_rooms, mainiacjoe_overflow_concentric_impassable,
          minmay_temple_entry_nine_rooms, ebering_ghost_sewer_d, serial_glass,
          glass_columns_b, glass_columns_c, minmay_strange_pillars,
          minmay_strange_pillars, due_unseen_surprise, guppyfry_early_orc_mine
D:5:      layout_cave_pools, serial_shops, nicolae_shop_crystal,
          nicolae_concentric_dashed_squares_mild, nicolae_shop_vocational
D:6:      layout_basic, old_standard_altar, grunt_ministairs_12, st_stairs_14
D:7:      layout_gridville, nicolae_ru_path_of_blood, makhleb_heckhound_becter,
          enter_bailey_7, nicolae_water_bricks, minmay_holes, uniq_joseph

Skill      XL: |  1  2  3  4  5  6  7  8  9 |
---------------+----------------------------+-----
Axes           | 4 5 6 8 9 11 12 | 12.0
Throwing       | 1 2 |  2.2
Fighting       | 4 5 6 7 |  7.0
Shields        | 2 3 4 |  4.3
Armour         | 3 5 |  5.6
Dodging        | |  2.1

Action                   |  1- 3 |  4- 6 |  7- 9 || total
-------------------------+-------+-------+-------++-------
Melee: Hand axe          |    76 |    25 |       ||   101
       Headbutt          |     8 |     7 |    18 ||    33
       Punch             |       |     1 |       ||     1
       War axe           |       |    47 |   112 ||   159
Throw: Javelin           |    14 |    40 |    29 ||    83
       Boomerang         |       |       |     5 ||     5
Invok: Berserk           |     4 |     3 |     8 ||    15
  Use: Scroll            |     5 |     1 |     5 ||    11
       Potion            |       |     4 |     3 ||     7
Armor: Animal skin       |    20 |       |       ||    20
       Chain mail        |       |    20 |    29 ||    49
       Plate armour      |       |       |    52 ||    52
Dodge: Dodged            |    62 |    31 |    35 ||   128
Block: Buckler           |       |     1 |    15 ||    16

Table legend:
 A = Non-vault XP
 B = Vault XP
 C = Vault XP percentage of total XP
 D = Non-vault monster count
 E = Vault monster count
 F = Vault count percentage of total count
                 A         B        C        D         E       F
            +---------+---------+-------+---------+---------+-------
      Total |    2705 |     895 |  24.9 |     110 |      20 |  15.4
            +---------+---------+-------+---------+---------+-------
        D:1 |      38 |       9 |  19.1 |      22 |       6 |  21.4
        D:2 |     138 |       7 |   4.8 |      21 |       2 |   8.7
        D:3 |      64 |       0 |   0.0 |       9 |       0 |   0.0
        D:4 |     384 |     230 |  37.5 |      22 |       7 |  24.1
        D:5 |     554 |       0 |   0.0 |      12 |       0 |   0.0
        D:6 |     540 |     176 |  24.6 |      10 |       3 |  23.1
        D:7 |     987 |     473 |  32.4 |      14 |       2 |  12.5
            +---------+---------+-------+---------+---------+-------
